 Dungeon Crawl Stone Soup version 0.30-a0-756-gc2185399d4 (webtiles) character file.

Game seed: 11220567062850973329

865 Dirtsage the Carver (level 8, -2/53 (56) HPs)
             Began as a Merfolk Gladiator on Feb 9, 2023.
             Was a Follower of Wu Jian.
             Slain by an orc warrior
             ... wielding a +1 halberd of freezing
              (8 damage)
             ... on level 5 of the Dungeon.
             The game lasted 00:08:47 (3913 turns).

Dirtsage the Carver (Merfolk Gladiator)             Turns: 3913, Time: 00:08:48

HP:   -2/53 (56)    AC: 20    Str: 14    XL:     8   Next: 3%
MP:   8/8           EV:  7    Int:  6    God:    Wu Jian [*.....]
Gold: 161           SH:  0    Dex: 17    Spells: 7/7 levels left

rFire   . . .      SeeInvis +    a - +0 long sword
rCold   . . .      Faith    .    (no shield)
rNeg    . . .      Spirit   .    D - +8 chain mail of the Chupacabra {Rampage rElec Int-2 SInv}
rPois   .          Reflect  .    c - +0 helmet
rElec   +          Harm     .    (no cloak)
rCorr   .          Rampage  +    r - +2 pair of gloves
Will    .....                    (no boots) Stlth
                                 (no amulet)
HPRegen 0.28/turn                (no ring)
MPRegen 0.11/turn                (no ring)

@: drained
A: (nimble swimmer 2), mertail
a: Renounce Religion


You were on level 5 of the Dungeon.
You worshipped Wu Jian.
Wu Jian was aware of your devotion.
You visited 1 branch of the dungeon, and saw 7 of its levels.

You collected 161 gold pieces.

Inventory:

Hand Weapons
 a - a +0 long sword (weapon)
 B - a +2 antimagic short sword
 C - a +1 heavy long sword
Missiles
 e - a javelin (quivered)
 p - 3 throwing nets
Armour
 b - a +0 leather armour
 c - a +0 helmet (worn)
 h - a +0 ring mail
 r - a +2 pair of gloves (worn)
 x - a +3 leather armour
 D - the +8 chain mail of the Chupacabra (worn) {Rampage rElec Int-2 SInv}
   (You found it on level 4 of the Dungeon)

   Int:       It affects your intelligence (-2).
   rElec:     It insulates you from electricity.
   SInv:      It lets you see invisible.
   Rampage:   It bestows one free step when moving towards enemies.
Magical Staves
 j - a staff of cold
Jewellery
 o - a ring of ice
 W - a ring of wizardry
Scrolls
 g - 2 scrolls of teleportation {unknown}
 l - a scroll of immolation {unknown}
 q - 2 scrolls of torment {unknown}
 s - 4 scrolls of identify {unknown}
 u - 2 scrolls of fear {unknown}
 v - a scroll of magic mapping {unknown}
 y - a scroll of brand weapon {unknown}
 z - 2 scrolls of enchant weapon {unknown}
 E - a scroll of blinking {unknown}
 F - a scroll of silence {unknown}
Potions
 d - 2 potions of cancellation {unknown}
 f - 4 potions of haste {unknown}
 i - 2 potions of degeneration {unknown}
 k - a potion of invisibility {unknown}
 m - 2 potions of might {unknown}
 n - 2 potions of lignification {unknown}
 t - a potion of mutation {unknown}
 w - a potion of berserk rage {unknown}
 A - a potion of curing {unknown}


   Skills:
 - Level 2.1 Fighting
 + Level 11.1 Long Blades
 - Level 2.0 Throwing
 - Level 4.0 Dodging


You had 7 spell levels left.
You didn't know any spells.
Your spell library contained the following spells:

 Spells                   Type           Power      Damage    Failure   Level
 Shock                    Conj/Air       0%         1d3       100%        1
 Ensorcelled Hibernation  Hex/Ice        0%         N/A       100%        2
 Passwall                 Tmut/Erth      0%         N/A       100%        2
 Swiftness                Air            0%         N/A       100%        3
 Airstrike                Air            0%         2d(0-16)  100%        4


Dungeon Overview and Level Annotations

Branches:
Dungeon (7/15)             Temple (0/1) D:5

Altars:
Qazlal
Trog
Wu Jian

Portals:
Ossuary: D:5


Innate Abilities, Weirdness & Mutations

((You are very nimble when in or above water. (Stealth+, EV+, Speed+++)))
Your lower body shifts to a powerful aquatic tail in water.


Message History

The orc warrior is moderately wounded.
The orc warrior barely misses you.
You barely miss the orc warrior.
The orc warrior is moderately wounded.
The orc warrior barely misses you.
You hit the orc warrior but do no damage.
The orc warrior is moderately wounded.
The orc warrior hits you with a +1 halberd of freezing.
The orc warrior freezes you.
You take 7 damage, and have 18/53 hp.
You hit the orc warrior but do no damage.
The orc warrior is moderately wounded.
The orc warrior completely misses you.
You hit the orc warrior.
The orc warrior is moderately wounded.
The orc warrior hits you with a +1 halberd of freezing.
The orc warrior freezes you.
You take 2 damage, and have 16/53 hp.
You slash the orc warrior!
The orc warrior is heavily wounded.
The orc warrior hits you with a +1 halberd of freezing!
* * * LOW HITPOINT WARNING * * *
The orc warrior freezes you.
* * * LOW HITPOINT WARNING * * *
You take 11 damage, and have 5/53 hp.
MASSIVE DAMAGE!!
You hit the orc warrior but do no damage.
The orc warrior is heavily wounded.
You slash the orc warrior!
The orc warrior is severely wounded.
The orc warrior hits you but does no damage.
You barely miss the orc warrior.
The orc warrior is severely wounded.
The orc warrior hits you but does no damage.
You hit the orc warrior.
The orc warrior is almost dead.
The orc warrior hits you but does no damage.
You hit the orc warrior.
The orc warrior is almost dead.
The orc warrior hits you with a +1 halberd of freezing!
You die...

#.....#### #.#.......
#.######## ##+## ##..#
#..?# ..##.# # # +.∩.#
...##.## #.##.#...
....##..######
#....##'##.....###.......
#.....@oo....# ##......
####.###.....# #......
######.##....### #......
#............# #..####
#.#######....# ##....#
#.##.# ...# #######.#
#....# ..# #........
####.# .# #........ #.# #
...####..


You could see an orc warrior and an orc.

Vanquished Creatures
  A phantom (D:4)
  A necrophage (D:4)
  2 scorpions (D:4)
  3 wights (D:6)
  3 killer bees (D:7)
  3 hounds
  Terence (D:2)
  8 gnolls (D:4)
  5 adders
  A dart slug (D:3)
  10 orcs
  4 endoplasms
  2 giant cockroaches (D:1)
  6 goblins
  6 hobgoblins
  7 jackals
  11 kobolds
  3 quokkas
  5 ball pythons
  4 bats
  5 frilled lizards
  8 rats
99 creatures vanquished.

Notes
Turn   | Place    | Note
-------+----------+-------------------------------------------
     0 | D:1      | Dirtsage the Merfolk Gladiator began the quest for the Orb.
     0 | D:1      | Reached XP level 1. HP: 16/16 MP: 1/1
   133 | D:1      | Reached skill level 4 in Long Blades
   156 | D:1      | Reached XP level 2. HP: 20/22 MP: 2/2
   692 | D:1      | Reached skill level 5 in Long Blades
   692 | D:1      | Reached XP level 3. HP: 25/27 MP: 3/3
   845 | D:2      | Noticed Terence
   856 | D:2      | Killed Terence
   857 | D:2      | Reached skill level 6 in Long Blades
   857 | D:2      | Reached XP level 4. HP: 14/33 MP: 4/4
  2201 | D:3      | Found a bloodstained altar of Trog.
  2296 | D:3      | Found an ornate altar of the Wu Jian Council.
  2306 | D:3      | Reached XP level 5. HP: 36/38 MP: 5/5
  2310 | D:3      | Became a worshipper of the Wu Jian Council
  2577 | D:4      | Identified the +8 chain mail of the Chupacabra {Rampage
                  | rElec Int-2 SInv}
  2621 | D:4      | Reached skill level 7 in Long Blades
  2885 | D:4      | Reached skill level 8 in Long Blades
  2885 | D:4      | Reached XP level 6. HP: 41/44 MP: 6/6
  3035 | D:4      | Reached * piety under Wu Jian
  3158 | D:4      | Reached skill level 9 in Long Blades
  3158 | D:4      | Reached XP level 7. HP: 50/50 MP: 7/7
  3515 | D:5      | Entered Level 5 of the Dungeon
  3595 | D:5      | Found a staircase to the Ecumenical Temple.
  3596 | D:5      | You fall into a shaft and drop 2 floors!
  3634 | D:7      | Reached skill level 10 in Long Blades
  3840 | D:6      | Reached skill level 11 in Long Blades
  3840 | D:6      | Reached XP level 8. HP: 33/53 MP: 8/8
  3843 | D:5      | Found a stormy altar of Qazlal.
  3895 | D:5      | Found a sand-covered staircase.
  3913 | D:5      | Slain by an orc warrior

Illustrated notes

Levels and vault maps discovered:
D:1:      dpeg_arrival_three_same_balls, layout_basic, amethyst_killhole
D:2:      layout_loops_corners, uniq_terence
D:3:      layout_basic, trog_antimagical, nicolae_wu_jian_immortal_techniques,
          skrybe_limestone_x, nrook_mini_backslash, minmay_fountain_box
D:4:      layout_cave_pools
D:5:      layout_basic, xom_redecorated, grunt_qazlal_sundering,
          minmay_temple_entry_hall, enter_ossuary_2, corexii_shack
D:6:      lemuel_ratsnest, layout_basic, marbit_many_paths,
          nicolae_take_the_stairs
D:7:      layout_loops_ring, uniq_menkaure

Skill      XL: |  1  2  3  4  5  6  7 |
---------------+----------------------+-----
Long Blades    | 4 5 6 8 9 11 | 11.1
Fighting       | |  2.1
Throwing       | |  2.0
Dodging        | |  4.0

Action                     |  1- 3 |  4- 6 |  7- 9 || total
---------------------------+-------+-------+-------++-------
  Melee: Long sword        |    83 |   196 |    94 ||   373
         Punch             |       |     3 |     3 ||     6
  Throw: Throwing net      |     3 |       |       ||     3
Ability: Lunge             |       |     1 |       ||     1
   Stab: Sleeping          |     1 |       |       ||     1
 Armour: Ring mail         |    37 |    15 |       ||    52
         Leather armour    |       |    12 |       ||    12
         Chain mail        |       |    71 |    49 ||   120
  Dodge: Dodged            |    44 |    93 |    32 ||   169

Table legend: (Time is in decaauts)
 A = Elapsed time spent in this place.
 B = Non-inter-level travel time spent in this place.
 C = Inter-level travel time spent in this place.
 D = Time resting spent in this place.
 E = Time spent auto-exploring this place.
 F = Levels seen in this place.
 G = Mean time per level.
                   A        B        C        D        E       F      G
               +--------+--------+--------+--------+--------+-----+--------+
         Total |   3922 |   3867 |     55 |      0 |   2996 |   7 |  560.3 |
       Dungeon |   3922 |   3867 |     55 |      0 |   2996 |   7 |  560.3 |
               +--------+--------+--------+--------+--------+-----+--------+

Top non-repeatable levels by time:
     D:2: 947 daAuts
     D:4: 945 daAuts
     D:3: 873 daAuts
     D:1: 770 daAuts
     D:6: 188 daAuts
     D:5: 146 daAuts
     D:7: 52 daAuts
